 Dungeon Crawl Stone Soup version 0.31-a0-1009-g454b1f1e0a (webtiles) character file.

Game seed: 163409047282913327

46 Chiseanne the Grasshopper (level 3, -1/18 HPs)
             Began as a Spriggan Warper on Nov 14, 2023.
             Slain by a gnoll
             ... wielding a +0 halberd
              (12 damage)
             ... on level 2 of the Dungeon.
             The game lasted 00:07:33 (1327 turns).

Chiseanne the Grasshopper (Spriggan Warper)         Turns: 1327, Time: 00:07:33

Health: -1/18      AC:  3    Str:  9    XL:     3   Next: 46%
Magic:  8/8        EV: 18    Int: 14    God:
Gold:   60         SH:  0    Dex: 14    Spells: 6/8 levels left

rFire   . . .        l - +1 dagger (speed)
rCold   . . .        (no shield)
rNeg    . . .        b - +0 robe
rPois   .            (helmet restricted)
rElec   .            g - +0 cloak
rCorr   .            (gloves unavailable)
SInv    +            (boots unavailable)
Will    .....        (no amulet)
Stlth   ++           (no ring)
HPRegen 0.23/turn    (no ring)
MPRegen 0.11/turn

%: no passive effects
@: very quick
A: very small, no large weapons, unfitting armour, see invisible, speed 3
a: no special abilities


You were on level 2 of the Dungeon.
You visited 1 branch of the dungeon, and saw 2 of its levels.

You collected 60 gold pieces.

Inventory:

Hand Weapons
 a - a +0 short sword
 l - a +1 dagger of speed (weapon)
Missiles
 d - 7 darts of dispersal
 f - 36 stones
 h - 2 boomerangs (quivered)
Armour
 b - a +0 robe (worn)
 g - a +0 cloak (worn)
Scrolls
 c - 2 scrolls of blinking
 i - a scroll of fog {unknown}
 j - a scroll of identify {unknown}
Potions
 e - 3 potions of curing {unknown}
 k - a potion of berserk rage {unknown}


   Skills:
 * Level 2.0 Fighting
 - Level 2.1 Short Blades
 - Level 1.0 Throwing
 * Level 3.7 Dodging
 * Level 2.1 Stealth
 * Level 3.2 Spellcasting
 * Level 4.9 Translocations


You had 6 spell levels left.
You knew the following spells:

 Your Spells              Type           Power      Damage    Failure   Level
a - Blink                 Tloc           32%        N/A       4%          2

Your spell library contained the following spells:

 Spells                   Type           Power      Damage    Failure   Level
 Lesser Beckoning         Tloc           32%        N/A       4%          2
 Teleport Other           Tloc           16%        N/A       9%          3
 Momentum Strike          Conj/Tloc      18%        3d8       12%         2
 Manifold Assault         Tloc           16%        N/A       28%         4
 Ensorcelled Hibernation  Hex/Ice        4%         N/A       32%         2
 Jinxbite                 Hex            4%         N/A       32%         2
 Wereblood                Tmut           2%         N/A       32%         2
 Ozocubu's Armour         Ice            2%         N/A       54%         3
 Vhi's Electric Charge    Tloc/Air       18%        N/A       58%         4
 Anguish                  Hex/Necr       1%         N/A       91%         4
 Alistair's Intoxication  Tmut/Pois      1%         N/A       99%         5
 Borgnjor's Vile Clutch   Necr/Erth      1%         N/A       99%         5
 Irradiate                Conj/Tmut      1%         3d12      99%         5
 Metabolic Englaciation   Hex/Ice        1%         N/A       99%         5
 Eringya's Noxious Bog    Tmut/Pois      1%         4d6       100%        6
 Simulacrum               Ice/Necr       1%         N/A       100%        6


Dungeon Overview and Level Annotations

Branches:
Dungeon (2/15)

Altars:
Wu Jian

Shops:
D:1 ?


Innate Abilities, Weirdness & Mutations

You are very small and have problems with some larger weapons.
You are too small for most types of armour.
You have supernaturally acute eyesight. (SInv)
You cover ground extremely quickly. (Speed+++)


Message History

You throw a boomerang.
The boomerang hits the gnoll but does no damage.
The gnoll is heavily wounded.
Throw: 2 boomerangs
Press: ? - help, Q - select action, (/) - cycle Shift-Dir - straight line, f/p - gnoll
Aim: a gnoll, wielding a +0 halberd (heavily wounded, 60% to hit)
You throw a boomerang. The boomerang hits the gnoll.
The gnoll is heavily wounded.
Unknown command.
Throw: 2 boomerangs
Press: ? - help, Q - select action, (/) - cycle Shift-Dir - straight line, f/p - gnoll
Aim: a gnoll, wielding a +0 halberd (heavily wounded, 60% to hit)
You throw a boomerang. The boomerang hits the gnoll.
The gnoll is heavily wounded.
The gnoll completely misses you.
You hit the gnoll.
The gnoll is severely wounded.
You closely miss the gnoll.
The gnoll is severely wounded.
The gnoll completely misses you.
You barely miss the gnoll.
The gnoll is severely wounded.
You closely miss the gnoll.
The gnoll is severely wounded.
The gnoll completely misses you.
You closely miss the gnoll.
The gnoll is severely wounded.
The gnoll misses you.
You closely miss the gnoll.
The gnoll is severely wounded.
You hit the gnoll.
The gnoll is severely wounded.
The gnoll hits you with a +0 halberd!
You closely miss the gnoll.
The gnoll is severely wounded.
You hit the gnoll but do no damage.
The gnoll is severely wounded.
The gnoll hits you with a +0 halberd!
Ouch! That really hurt!
You die...

#..#########....#
#..........#....##########
#g########..#..#.....#....
##.## ##...............
#...#########..............
#...........#.#............ #
#.##....###†..#............
gg.#.
####.###................
#....#.....g@..).....).......
##.............†.)..........
#..........................
##.........................
##.............##..........
...........................
#.##.............###.....####
..###...........## #.###.#...
.................# ##.#
#...##


You could see a gnoll.

Vanquished Creatures
  A dart slug (D:1)
  5 ball pythons
  9 bats
  5 endoplasms
  3 goblins
  2 hobgoblins
  3 jackals (D:2)
  3 kobolds (D:2)
  4 quokkas
  A frilled lizard (D:1)
  4 rats
40 creatures vanquished.

Notes
Turn   | Place    | Note
-------+----------+-------------------------------------------
     0 | D:1      | Chiseanne the Spriggan Warper began the quest for the Orb.
     0 | D:1      | Reached XP level 1. HP: 10/10 MP: 5/5
     0 | D:1      | Chiseanne: this game suffers from bad gamedevs
    57 | D:1      | Found a faded altar of an unknown god.
   115 | D:1      | Reached skill level 1 in Stealth
   170 | D:1      | Reached XP level 2. HP: 15/15 MP: 6/6
   360 | D:1      | Found The Oracle's Delphic Readings.
   550 | D:1      | Learned a level 2 spell: Blink
   747 | D:2      | Reached XP level 3. HP: 18/18 MP: 8/8
   796 | D:1      | Chiseanne: yeah you assholes really know how to cripple a
                  | game..thats for sure
   979 | D:2      | Found an ornate altar of the Wu Jian Council.
  1327 | D:2      | Slain by a gnoll

Illustrated notes

Levels and vault maps discovered:
D:1:      spicycebolla_arrival_xxxplode, layout_rooms,
          dreamdust_ecumenical_altar_grove, nicolae_nh_oracle_at_delphi
D:2:      layout_rooms, basic_altar

Skill      XL: |  1  2  3 |
---------------+----------+-----
Stealth        | 1 2 |  2.1
Spellcasting   | 3 |  3.2
Fighting       | 2 |  2.0
Short Blades   | |  2.1
Throwing       | |  1.0
Dodging        | |  3.7
Translocations | |  4.9

Action                     || total
---------------------------++-------
  Melee: Short sword       ||   130
         Dagger            ||    30
  Throw: Stone             ||     4
         Boomerang         ||     5
   Cast: Blink             ||     4
   Stab: Sleeping          ||     3
 Armour: Robe              ||    44
  Dodge: Dodged            ||   146

Table legend: (Time is in decaauts)
 A = Elapsed time spent in this place.
 B = Non-inter-level travel time spent in this place.
 C = Inter-level travel time spent in this place.
 D = Time resting spent in this place.
 E = Time spent auto-exploring this place.
 F = Levels seen in this place.
 G = Mean time per level.
                   A        B        C        D        E       F      G
               +--------+--------+--------+--------+--------+-----+--------+
         Total |    931 |    923 |      8 |    116 |    227 |   2 |  465.5 |
       Dungeon |    931 |    923 |      8 |    116 |    227 |   2 |  465.5 |
               +--------+--------+--------+--------+--------+-----+--------+

Top non-repeatable levels by time:
     D:1: 565 daAuts
     D:2: 365 daAuts
